 Dungeon Crawl Stone Soup version 0.30-a0-540-g0af01429fa (webtiles) character file.

Game seed: 18138158099990468890

182 innerfire433 the Ducker (level 5, -3/42 HPs)
             Began as a Demonspawn Monk on Dec 25, 2022.
             Slain by Jase's ghost (8 damage)
             ... on level 3 of the Dungeon.
             The game lasted 00:04:53 (3290 turns).

innerfire433 the Ducker (Demonspawn Monk)           Turns: 3290, Time: 00:04:54

Health: -3/42      AC:  2    Str: 13    XL:     5   Next: 34%
Magic:  5/5        EV: 13    Int: 18    God:
Gold:   238        SH:  5    Dex: 15    Spells: 4/4 levels left

rFire   . . .      SeeInvis .    a - +0 spear
rCold   . . .      Faith    .    (no shield)
rNeg    . . .      Spirit   .    b - +0 robe
rPois   .          Reflect  +    (helmet restricted)
rElec   .          Harm     .    (no cloak)
rCorr   .          Rampage  .    (no gloves)
Will    .....      Clarity  +    (no boots)
Stlth   ++                       d - amulet of reflection
HPRegen 0.27/turn                c - +6 ring of intelligence
MPRegen 0.09/turn                (no ring)

@: attractive
A: foul stench 1, demonic magic 2, weakness stinger 1, horns 1, clarity
a: no special abilities


You were on level 3 of the Dungeon.
You visited 1 branch of the dungeon, and saw 3 of its levels.

You collected 238 gold pieces.

Inventory:

Hand Weapons
 a - a +0 spear (weapon)
Armour
 b - a +0 robe (worn)
Jewellery
 c - a +6 ring of intelligence (left hand)
 d - an amulet of reflection (around neck)
 n - a ring of resist corrosion
Scrolls
 f - 2 scrolls of magic mapping {unknown}
 g - a scroll of fear {unknown}
 j - 5 scrolls of identify {unknown}
 k - 2 scrolls of fog {unknown}
Potions
 l - a potion of mutation
 m - a potion of degeneration {unknown}


   Skills:
 + Level 3.9 Fighting
 + Level 3.6 Polearms
 * Level 4.3 Dodging
 - Level 1.8 Stealth


You had 4 spell levels left.
You didn't know any spells.
Your spell library contained the following spells:

 Spells                   Type           Power      Damage    Failure   Level
 Frozen Ramparts          Ice            0%         1d1       54%         3
 Ice Form                 Ice/Tmut       0%         N/A       91%         4
 Summon Ice Beast         Ice/Summ       0%         N/A       91%         4
 Summon Forest            Summ/Tloc      0%         N/A       99%         5
 Summon Mana Viper        Hex/Summ       0%         N/A       99%         5
 Summon Cactus Giant      Summ           0%         N/A       100%        6


Dungeon Overview and Level Annotations

Branches:
Dungeon (3/15)

Altars:

Shops:
D:1 [

Annotations:
D:3 Jase's ghost, amateur DrTm


Innate Abilities, Weirdness & Mutations

You may rarely emit foul miasma when damaged in melee.
Spells you cast may paralyse nearby enemies.
You have a small tail.
You have a pair of small horns on your head.
You possess an exceptional clarity of mind.


Message History

Jase's ghost is lightly damaged.
Jase's ghost feints to the left.
Jase's ghost hits you but does no damage.
You barely miss Jase's ghost.
Jase's ghost is lightly damaged.
Jase's ghost hits you.
You are too injured to fight recklessly!
You are too injured to fight recklessly!
You are too injured to fight recklessly!
You are too injured to fight recklessly!
You hit Jase's ghost but do no damage.
Jase's ghost is lightly damaged.
You hit Jase's ghost.
Jase's ghost is lightly damaged.
You block Jase's ghost's attack.
You hit Jase's ghost but do no damage.
Jase's ghost is lightly damaged.
You block Jase's ghost's attack.
You hit Jase's ghost.
Jase's ghost is moderately damaged.
Jase's ghost barely misses you.
You hit Jase's ghost. You tail-slap Jase's ghost.
Jase's ghost is moderately damaged.
Jase's ghost hits you.
You barely miss Jase's ghost.
Jase's ghost is moderately damaged.
Jase's ghost hits you.
You closely miss Jase's ghost.
Jase's ghost is moderately damaged.
Jase's ghost hits you!
* * * LOW HITPOINT WARNING * * *
It was a potion of mutation.
You feel extremely strange.
You feel resistant to heat.
You no longer feel heat resistant.
Your thoughts seem clearer.
A pair of horns grows on your head! Jase's ghost hits you.
* * * LOW HITPOINT WARNING * * *
It was a potion of attraction.
You feel attractive to monsters. Jase's ghost hits you!
You die...

##.###.##......###..........####.
##.###......#.##~#..........# #.
##......#####.##$#..........# #.
#######.......##~#..........# #.
..........######~#..........# ##
########.#######~#..........#
#.....###~############
#####.#.#W#.# #.#..@..# ##
######.......#### #.
###.......###.....# #.
#.................# ###.
#.....###..#......# #...
#.....#.......##### ###...
#[....#..#....# #.....
#.....#......###### #.#...
#.....#...........# #.#...


You could see Jase's ghost.

Vanquished Creatures
  A gnoll bouda (D:3)
  4 gnolls (D:3)
  4 adders
  A dart slug (D:2)
  9 ball pythons
  7 bats
  7 endoplasms
  3 giant cockroaches
  6 goblins
  8 hobgoblins
  8 jackals (D:1)
  A quokka (D:3)
  2 frilled lizards
  8 kobolds
  7 rats
76 creatures vanquished.

Notes
Turn   | Place    | Note
-------+----------+-------------------------------------------
     0 | D:1      | innerfire433 the Demonspawn Monk began the quest for the
                  | Orb.
     0 | D:1      | Reached XP level 1. HP: 18/18 MP: 1/1
    71 | D:1      | Found a faded altar of an unknown god.
    91 | D:1      | Reached skill level 3 in Dodging
    91 | D:1      | Gained mutation: You have a small tail. [demonic ancestry]
    91 | D:1      | Reached XP level 2. HP: 19/24 MP: 2/2
   269 | D:1      | Found Rerghiroc's Armour Shoppe.
   621 | D:1      | Gained mutation: Spells you cast may paralyse adjacent
                  | enemies. [demonic ancestry]
   621 | D:1      | Reached XP level 3. HP: 29/29 MP: 3/3
  1997 | D:3      | Gained mutation: You may rarely emit foul miasma when
                  | damaged in melee. [demonic ancestry]
  1997 | D:3      | Reached XP level 4. HP: 14/35 MP: 4/4
  2108 | D:3      | Found a runed translucent door.
  2118 | D:3      | Noticed Jase's ghost (amateur DrTm)
  2712 | D:3      | Reached skill level 4 in Dodging
  2721 | D:3      | Gained mutation: Spells you cast may paralyse nearby
                  | enemies. [demonic ancestry]
  2721 | D:3      | Reached XP level 5. HP: 21/42 MP: 5/5
  3289 | D:3      | Gained mutation: Your flesh is heat resistant. (rF+)
                  | [potion of mutation]
  3289 | D:3      | Lost mutation: Your flesh is heat resistant. (rF+) [potion
                  | of mutation]
  3289 | D:3      | Gained mutation: You possess an exceptional clarity of
                  | mind. [potion of mutation]
  3289 | D:3      | Gained mutation: You have a pair of small horns on your
                  | head. [potion of mutation]
  3290 | D:3      | Slain by Jase's ghost

Illustrated notes

Levels and vault maps discovered:
D:1:      minmay_arrival_nine_rooms, layout_loops_corners, serial_shops, shop,
          ebering_ecumenical_altar_webs, grunt_decor_junction
D:2:      layout_basic
D:3:      layout_basic, ebering_ghost_sewer_d, st_stairs_13

Skill      XL: |  1  2  3  4 |
---------------+-------------+-----
Dodging        | 3 4 |  4.3
Polearms       | 3 |  3.6
Fighting       | |  3.9
Stealth        | |  1.8

Action                   |  1- 3 |  4- 6 || total
-------------------------+-------+-------++-------
Melee: Spear             |   171 |   129 ||   300
       Tailslap          |     9 |     9 ||    18
       Punch             |       |     1 ||     1
  Use: Potion            |     1 |     4 ||     5
 Stab: Sleeping          |    13 |     5 ||    18
Armor: Robe              |    23 |    13 ||    36
       Skin              |       |     2 ||     2
Dodge: Dodged            |    84 |    46 ||   130
Block: Other             |    23 |    18 ||    41
       Reflection        |     1 |     1 ||     2

Table legend: (Time is in decaauts)
 A = Elapsed time spent in this place.
 B = Non-inter-level travel time spent in this place.
 C = Inter-level travel time spent in this place.
 D = Time resting spent in this place.
 E = Time spent auto-exploring this place.
 F = Levels seen in this place.
 G = Mean time per level.
                   A        B        C        D        E       F      G
               +--------+--------+--------+--------+--------+-----+--------+
         Total |   3272 |   3272 |      0 |      0 |   2676 |   3 | 1090.7 |
       Dungeon |   3272 |   3272 |      0 |      0 |   2676 |   3 | 1090.7 |
               +--------+--------+--------+--------+--------+-----+--------+

Top non-repeatable levels by time:
     D:3: 1309 daAuts
     D:2: 1015 daAuts
     D:1: 947 daAuts
